cohdb
Replays
Latest Replays
All Replays
Popular Replays
Top Player Replays
Match Explorer
How It Works
Community
CoH3 Stats
Reddit
Sign in to upload your games and track your stats! →
Sign in with Steam
Match 37883943
Unlisted
Match 37883943
Overview
Messages
Build Orders
End
Panzergrenadier Squad
Selects Battlefield Espionage Battlegroup
250 Light Carrier
Panzergrenadier Squad
Construct Light Support Kompanie
2.5-tonne Medical Truck
Forward Retreat Point
MG34 Team
Selects Intel Disruption Beacon
Selects Transfer Depots
Construct Mechanized Kompanie
Selects 250/3 Funkpanzerwagen
Marder III Tank Destroyer
Marder III Tank Destroyer
Panzerjäger Mechanized Group
Panzergrenadier Squad
Hey :D
minoo
w1nt3r
Beemo
Honey
khj
Zebra
kpudk
0
0
Comments
sign in to comment!
No comments posted yet!